[Event "Late-Titled-Tuesday-Blitz-March-12-2024"]
[Site "Chess.com"]
[Date "2024.03.12"]
[Round "7"]
[White "ArturoCaceres"]
[Black "Lion-Al-Messi"]
[Result "0-1"]
[WhiteElo "2446"]
[BlackElo "2591"]
[TimeControl "180+1"]
[EndTime "15:16:48 PDT"]
[Termination "Lion-Al-Messi won by checkmate"]

1. Nf3 Nf6 2. b3 b6 3. Bb2 Bb7 4. d4 e6 5. Nbd2 Be7 6. e3 O-O 7. Bd3 c5 8. Qe2 cxd4 9. exd4 Nc6 10. a3 Nd5 11. Qe4 f5 12. Qe2 Nf4 13. Qf1 Nxd3+ 14.
Qxd3 Bf6 15. O-O Ne7 16. Rfe1 Nd5 17. c4 Nf4 18. Qe3 Bg5 19. Qc3 Qf6 20. Nf1 Qg6 21. Ng3 Nh3+ 22. gxh3 f4 23. Ne5 Qh6 24. d5 fxg3 25. hxg3 Bd2 26. Ng4 Qg5 27. Qd3 Bxe1 28. Rxe1 exd5 29. Re5 Qg6 30. Qd4 dxc4 31. Qxc4+ Kh8 32.
Re1 Rae8 33. Ne5 Qe6 34. Qc3 d6 35. Nd3 Qf7 36. Rxe8 Rxe8 37. Nf4 Qf6 38. Qd2 Qxb2 39. Ng6+ hxg6 40. Qf4 Re1+ 41. Kh2 Rh1# 0-1

[Event "Late-Titled-Tuesday-Blitz-March-12-2024"]
[Site "Chess.com"]
[Date "2024.03.12"]
[Round "7"]
[White "lluiss"]
[Black "Bongcloudtransvestit"]
[Result "0-1"]
[WhiteElo "2237"]
[BlackElo "2448"]
[TimeControl "180+1"]
[EndTime "15:16:48 PDT"]
[Termination "Bongcloudtransvestit won by resignation"]

1. e4 e6 2. d4 d5 3. e5 c5 4. dxc5 Nc6 5. Nf3 Bxc5 6. Bd3 f6 7. exf6 Nxf6 8. O-O O-O 9. c4 e5 10. cxd5 Qxd5 11.
Nc3 Qd8 12. Ne4 Nxe4 13. Bxe4 Qxd1 14. Rxd1 Bg4 15. Be3 Nd4 16. Bxd4 exd4 17. Bxb7 Rad8 18. h3 Bh5 19. Rac1 Bb6 20. Ba6 Bxf3 21. gxf3 Rxf3 22. Bf1 d3 23. Rd2 Ba5 24. Rxd3 Rfxd3 25. Bxd3 Rxd3 26.
Rc8+ Kf7 27. Rc2 Bb6 28. Kg2 g5 29. Re2 h5 30. Rc2 Kf6 31. Re2 Kf5 32. Rc2 g4 33. hxg4+ hxg4 34. Re2 Rf3 35. Rc2 Rf4 36. Rd2 Ke5 37.
Re2+ Kd4 38. Rd2+ Kc4 39. Rc2+ Kd3 40. Kg3 Kxc2 41. Kxf4 Bxf2 42. Kxg4 Kxb2 0-1

[Event "Late-Titled-Tuesday-Blitz-March-12-2024"]
[Site "Chess.com"]
[Date "2024.03.12"]
[Round "7"]
[White "BabageldiAnnaberdiyev"]
[Black "carokannlover213"]
[Result "1-0"]
[WhiteElo "2662"]
[BlackElo "2810"]
[TimeControl "180+1"]
[EndTime "15:16:51 PDT"]
[Termination "BabageldiAnnaberdiyev won by checkmate"]

1. e4 e5 2. Nf3 Nf6 3. d4 Nxe4 4. Bd3 Nc6 5. Nxe5 Nxe5 6. dxe5 d5 7. O-O Bc5 8. Bxe4 dxe4 9. Qxd8+ Kxd8 10. Nc3 Bf5 11. Be3 Bb4 12. Nd5 Bf8 13. Rad1 Kc8 14. h3 c6 15. Nc3 Bb4 16. Ne2 Bg6 17. Ng3 Rd8 18.
c3 Be7 19. Rxd8+ Kxd8 20. Re1 f5 21. exf6 gxf6 22. Ne2 Bf7 23. a3 Ke8 24. Nf4 f5 25. g3 b6 26. Rd1 Bb3 27. Rd2 c5 28. Kf1 Rd8 29. Rxd8+ Kxd8 30. Ke2 Kd7 31. Kd2 Kc6 32. g4 fxg4 33. hxg4 Kb5 34. Ne2 Ka4 35. Ng3 Be6 36. g5 Kb3 37. Kc1 Bd5 38. Nf1 Bd6 39. Nd2+ Ka4 40.
Kc2 Kb5 41. b3 c4 42. bxc4+ Bxc4 43. a4+ Kxa4 44. Nxc4 Bc7 45. Nd2 Kb5 46. Nxe4 a5 47. Nf6 a4 48. Nxh7 Kc4 49. g6 Be5 50. Bd4 Bxd4 51. cxd4 a3 52. g7 a2 53. g8=Q+ Kxd4 54. Qxa2 b5 55. Qb3 b4 56. Qxb4+ Ke5 57. Kd3 Kf5 58. Nf6 Kg6 59. Qa5 Kf7 60. f4 Kg6 61. f5+ Kg5 62. Ne4+ Kf4 63. f6 Kf3 64. f7 Kg2 65. f8=Q Kh1 66. Qh5+ Kg1 67. Qg6+ Kh2 68. Qh8# 1-0

[Event "Late-Titled-Tuesday-Blitz-March-12-2024"]
[Site "Chess.com"]
[Date "2024.03.12"]
[Round "7"]
[White "1g60-1"]
[Black "PawnEatingZombie"]
[Result "1-0"]
[WhiteElo "2324"]
[BlackElo "2109"]
[TimeControl "180+1"]
[EndTime "15:16:52 PDT"]
[Termination "1g60-1 won on time"]

1. Nf3 Nf6 2. e3 g6 3. c4 Bg7 4. Nc3 O-O 5. d4 d6 6. Be2 Nbd7 7. O-O Re8 8. b3 e5 9. Bb2 c6 10. h3 Qc7 11. Rc1 a5 12. d5 Nc5 13. Nd2 Bf5 14.
Ndb1 Bxb1 15. Nxb1 Nfe4 16. Nd2 f5 17. Nxe4 Nxe4 18.
Bf3 Nc5 19. Ba3 e4 20. Be2 cxd5 21. Qxd5+ Kh8 22. Rfd1 Be5 23. f4 exf3 24. Bxf3 Rac8 25. Kh1 b6 26. Rc2 Qe7 27. Rcd2 Qg5 28. Bb2 Bxb2 29. Rxb2 Rxe3 30. Qxd6 Rce8 31. Rbb1 Qh4 32. Qd4+ Qxd4 33.
Rxd4 Re1+ 34. Rxe1 Rxe1+ 35. Kh2 Ra1 36. Rd8+ Kg7 37.
Rb8 Rxa2 38. Rxb6 Rb2 39. Rb5 Nxb3 40. Bd5 Rb1 41. c5 1-0

[Event "Late-Titled-Tuesday-Blitz-March-12-2024"]
[Site "Chess.com"]
[Date "2024.03.12"]
[Round "7"]
[White "Korchmar_Vasiliy"]
[Black "remi04"]
[Result "0-1"]
[WhiteElo "2703"]
[BlackElo "2898"]
[TimeControl "180+1"]
[EndTime "15:16:53 PDT"]
[Termination "remi04 won by checkmate"]

1. e4 c5 2. d4 cxd4 3. Qxd4 Nc6 4. Qd3 Nf6 5. Nc3 g6 6. Nf3 d6 7. Be2 Bg7 8. O-O O-O 9. Nd5 Nd7 10. c3 Nc5 11.
Qc2 e6 12. Ne3 f5 13. exf5 gxf5 14. Rd1 Qe7 15. Nf1 Ne4 16. Ng3 d5 17. Nh5 Bh8 18. Bh6 Re8 19. c4 d4 20. a3 Qf7 21. Ng5 Qg6 22.
Nxe4 fxe4 23. Nf4 Qxh6 24. Qxe4 Be5 25. Nh5 Kh8 26. Rd3 Qg6 27. Qh4 Rg8 28. g3 Bd7 29. Rf3 Raf8 30. Bd3 Qh6 31. Rxf8 Rxf8 32. Re1 Be8 33. Rxe5 Nxe5 34. Qxd4 Qxh5 35. f4 Bg6 36. Qd6 Nf3+ 37. Kg2 Ne1+ 38. Kf1 Bxd3+ 39. Kxe1 Qe2# 0-1

[Event "Late-Titled-Tuesday-Blitz-March-12-2024"]
[Site "Chess.com"]
[Date "2024.03.12"]
[Round "7"]
[White "Perecke"]
[Black "Rodalquilar"]
[Result "0-1"]
[WhiteElo "2619"]
[BlackElo "2796"]
[TimeControl "180+1"]
[EndTime "15:16:53 PDT"]
[Termination "Rodalquilar won on time"]

1. e4 d5 2. exd5 Qxd5 3. Nc3 Qa5 4. Bc4 Nf6 5. d3 Bg4 6. Nf3 Nc6 7. h3 Qh5 8. O-O Bxf3 9. Qxf3 Qxf3 10. gxf3 Ne5 11. Kg2 Nxc4 12. dxc4 e6 13. Nb5 Bd6 14. c5 a6 15.
cxd6 axb5 16. dxc7 Rc8 17. a4 b4 18. Bd2 Nd5 19. c3 bxc3 20. Bxc3 Rxc7 21. Be5 Rc6 22. Rfc1 Kd7 23. Rxc6 Kxc6 24. Rc1+ Kd7 25. b4 f6 26.
Bd4 Nxb4 27. Rb1 Nc6 28. Rxb7+ Kc8 29. Rxg7 Nxd4 30. a5 h5 31. a6 Kb8 32. Rf7 f5 33. Rd7 Rg8+ 34. Kf1 Nxf3 35. Ke2 Ng5 36. h4 Ne4 37.
Ke3 Nc5 38. a7+ Ka8 39. Rh7 Rd8 40. Kf4 Rd5 41. Kg5 Ne4+ 42. Kxh5 Nxf2 43. Kg5 Ne4+ 44. Kf4 Ra5 45. h5 Rxa7 46. Rh8+ Kb7 0-1

[Event "Late-Titled-Tuesday-Blitz-March-12-2024"]
[Site "Chess.com"]
[Date "2024.03.12"]
[Round "7"]
[White "Durarbayli"]
[Black "Alexei_Gubajdullin"]
[Result "0-1"]
[WhiteElo "2965"]
[BlackElo "2657"]
[TimeControl "180+1"]
[EndTime "15:16:53 PDT"]
[Termination "Alexei_Gubajdullin won on time"]

1. e4 g6 2. d4 Bg7 3. Nc3 d6 4.
Be3 a6 5. h4 h6 6. h5 g5 7. f4 gxf4 8. Bxf4 Nc6 9. Nf3 Nf6 10.
Qd2 Ng4 11. d5 Nce5 12. O-O-O c5 13. dxc6 bxc6 14. Nd4 Rb8 15. Rh3 Qb6 16. b3 Qb4 17. Rg3 c5 18. Nf5 Bxf5 19. exf5 c4 20. Kb1 Nd3 21. Nd5 Qa3 22. c3 Rxb3+ 23. axb3 Qxb3+ 24. Ka1 Qa4+ 25. Kb1 Qb3+ 26. Ka1 Qa4+ 27. Kb1 O-O 28. Rxd3 Rb8+ 29. Qb2 Rxb2+ 30. Kxb2 Qb3+ 31. Kc1 cxd3 32. Rxd3 Nf2 33. Rg3 Qd1+ 34. Kb2 Qxf1 35. f6 exf6 36. Bxh6 Qb5+ 37. Kc1 Qxd5 38. Rxg7+ Kh8 39. Rg3 Ne4 40. Bg7+ Kh7 0-1

[Event "Late-Titled-Tuesday-Blitz-March-12-2024"]
[Site "Chess.com"]
[Date "2024.03.12"]
[Round "7"]
[White "dropstoneDP"]
[Black "Zq1"]
[Result "1-0"]
[WhiteElo "2972"]
[BlackElo "2615"]
[TimeControl "180+1"]
[EndTime "15:16:53 PDT"]
[Termination "dropstoneDP won by resignation"]

1. e4 c5 2. Nf3 d6 3. Bb5+ Bd7 4.
Bxd7+ Qxd7 5. O-O Nc6 6. c3 Nf6 7. Re1 e6 8. d4 cxd4 9. cxd4 d5 10. e5 Ne4 11. a3 Be7 12. Nbd2 Nxd2 13. Bxd2 O-O 14.
Re3 Rac8 15. h4 h6 16. Rd3 b6 17. Nh2 f5 18. exf6 Bxf6 19. Nf3 Qf7 20. Qe2 Rce8 21. Re1 Qg6 22. Bc3 Qf5 23. Re3 Nd8 24. g3 Rf7 25. Nh2 a5 26. Ng4 Ref8 27. Kg2 h5 28.
Nh2 Be7 29. Rf3 Qg6 30. Rxf7 Rxf7 31. Nf3 Qg4 32. Ne5 Qxe2 33. Rxe2 Rf5 34. Nd7 b5 35. Bxa5 Nc6 36. Rxe6 Nxa5 37. Rxe7 Nc4 38. Re8+ Kf7 39. Rf8+ Kg6 40. Ne5+ Nxe5 41. Rxf5 Kxf5 42. dxe5 Kxe5 43. b3 Kd4 44. a4 bxa4 45. bxa4 Kc3 46. a5 d4 47. a6 d3 48. a7 d2 49. a8=Q d1=Q 50.
Qf3+ 1-0

[Event "Late-Titled-Tuesday-Blitz-March-12-2024"]
[Site "Chess.com"]
[Date "2024.03.12"]
[Round "7"]
[White "Quattroporte300"]
[Black "andrew-blr"]
[Result "1-0"]
[WhiteElo "2500"]
[BlackElo "2626"]
[TimeControl "180+1"]
[EndTime "15:16:53 PDT"]
[Termination "Quattroporte300 won on time"]

1. e4 c5 2. Nc3 g6 3. Nf3 Bg7 4. d4 cxd4 5. Nxd4 Nc6 6. Be3 Qa5 7. Bc4 Nf6 8. O-O O-O 9. a3 d6 10. Nb3 Qc7 11. f3 Ne5 12. Be2 Be6 13. Qd2 Nc4 14. Bxc4 Bxc4 15. Rfd1 Rfc8 16. Bh6 Bh8 17. Be3 a6 18. Nd4 Nd7 19. Rac1 Nc5 20. b3 Be6 21. Nd5 Bxd5 22. exd5 Nd7 23. c4 Nc5 24. Rb1 Qd8 25.
g3 h5 26. h4 Bf6 27. Kg2 Kg7 28. Bg5 a5 29. a4 Qb6 30. Bxf6+ exf6 31. Nb5 Re8 32.
Re1 Rxe1 33. Qxe1 Nd3 34. Qd2 Nc5 35. Qe3 Qd8 36. Re1 Rc8 37. Re2 Qd7 38. Qc3 Qf5 39.
Nxd6 Qb1 40. Nxc8 1-0

[Event "Late-Titled-Tuesday-Blitz-March-12-2024"]
[Site "Chess.com"]
[Date "2024.03.12"]
[Round "7"]
[White "noblerone"]
[Black "Casper"]
[Result "0-1"]
[WhiteElo "2567"]
[BlackElo "2478"]
[TimeControl "180+1"]
[EndTime "15:16:53 PDT"]
[Termination "Casper won by resignation"]

1. d4 d5 2. Nf3 Nf6 3. Bg5 Bg4 4. Ne5 Bh5 5. c3 e6 6. Qb3 Qc8 7. Nd2 Nbd7 8. Ndf3 Ne4 9. Bh4 Bd6 10.
Nxd7 Qxd7 11. e3 O-O 12. Be2 c5 13. Bg3 c4 14. Qd1 b5 15. Bxd6 Qxd6 16. Ne5 Bxe2 17.
Qxe2 f6 18. Nf3 b4 19. Qc2 bxc3 20. bxc3 Qa3 21. O-O Rab8 22. Rab1 Nxc3 23. Rbc1 Nxa2 24. Rb1 Nc3 25. Ra1 Qb3 26. Qd2 Rf7 27. h4 Rfb7 28.
h5 Ne4 29. Qa5 h6 30. Nh4 c3 31. Qa6 Qb6 32. Qa4 Rc7 33. Kh2 c2 34. Rac1 Qb5 35. Qa3 Nd2 36. Rg1 Nb3 37. Ng6 Nxc1 38. Rxc1 Kh7 39. Qd6 Qc6 40. Qg3 Rb1 41. Rxc2 Qxc2 42.
Nf4 Qf5 43. Ng6 Rcc1 44. Nf8+ Kg8 0-1

[Event "Late-Titled-Tuesday-Blitz-March-12-2024"]
[Site "Chess.com"]
[Date "2024.03.12"]
[Round "7"]
[White "karinachess1"]
[Black "BlueWizzard"]
[Result "0-1"]
[WhiteElo "2611"]
[BlackElo "2872"]
[TimeControl "180+1"]
[EndTime "15:16:54 PDT"]
[Termination "BlueWizzard won by resignation"]

1. d4 b6 2. c4 Bb7 3. Nc3 f5 4.
Nf3 Nf6 5. g3 e6 6. Bg2 Bb4 7.
O-O Bxc3 8. bxc3 O-O 9. h3 Nc6 10. Rb1 Na5 11. c5 Be4 12. Ra1 Nd5 13. cxb6 axb6 14.
Ba3 Re8 15. Bb4 Nc6 16. a3 Qf6 17. Qb3 g5 18. Nd2 Bxg2 19. Kxg2 f4 20. g4 h5 21.
Nf3 Qg6 22. c4 hxg4 23. hxg4 Nf6 24. d5 Nxb4 25. axb4 Rxa1 26. Rxa1 Nxg4 27. Rg1 Ra8 28. Qc3 Qe4 29. Kf1 Qb1+ 30. Ne1 Qf5 31. Nf3 Ra2 32.
dxe6 Qxe6 33. Qd3 Ra1+ 34. Ne1 f3 35. Rxg4 Qxg4 36. Qg6+ Kf8 37. Qf6+ Ke8 38. Qg6+ Ke7 39. Qg7+ Kd6 40. Qd4+ Qxd4 0-1

[Event "Late-Titled-Tuesday-Blitz-March-12-2024"]
[Site "Chess.com"]
[Date "2024.03.12"]
[Round "7"]
[White "DanielNaroditsky"]
[Black "CarlosAlbornoz"]
[Result "0-1"]
[WhiteElo "3063"]
[BlackElo "2828"]
[TimeControl "180+1"]
[EndTime "15:16:55 PDT"]
[Termination "CarlosAlbornoz won by resignation"]

1. e4 c5 2. c3 Nf6 3. e5 Nd5 4.
Nf3 d6 5. Bb5+ Bd7 6. Bc4 Nb6 7. Bxf7+ Kxf7 8. e6+ Bxe6 9. Ng5+ Kf6 10. Qf3+ Bf5 11. g4 Qd7 12. d4 g6 13. gxf5 Qxf5 14. Qxb7 N8d7 15. Be3 Bh6 16. h4 Bxg5 17. hxg5+ Kg7 18.
dxc5 dxc5 19. Nd2 Rab8 20. Qe4 Ne5 21. O-O-O Nd3+ 22. Kc2 Nxb2 23. Qxf5 gxf5 24. Kxb2 f4 25. Bxf4 Nd5+ 26. Kc2 Nxf4 27. Ne4 Rb6 28. Rd7 Rhb8 29. Rxe7+ Kf8 30. Rhxh7 Rb2+ 31. Kd1 Rb1+ 32. Kd2 R8b2+ 33. Ke3 Nd5+ 34. Kf3 Nxe7 35. Nf6 Rd1 36. Kg3 Nf5+ 37. Kg4 Ng7 38. g6 Rg1+ 39. Kf4 Rxf2+ 40. Ke5 Rf5+ 41. Ke4 Rxf6 0-1

[Event "Late-Titled-Tuesday-Blitz-March-12-2024"]
[Site "Chess.com"]
[Date "2024.03.12"]
[Round "7"]
[White "Boundless_Strike"]
[Black "ameetghasi100"]
[Result "1-0"]
[WhiteElo "2619"]
[BlackElo "2787"]
[TimeControl "180+1"]
[EndTime "15:16:56 PDT"]
[Termination "Boundless_Strike won on time"]

1. d4 g6 2. h4 h6 3. h5 g5 4. Nc3 d6 5. e4 Bg7 6. Be3 Nc6 7.
Qd2 Nf6 8. f3 a6 9. O-O-O e6 10.
Nge2 b5 11. d5 Ne5 12. dxe6 Bxe6 13. Nd4 Qd7 14. Nxe6 fxe6 15. Kb1 Qf7 16. Be2 Nxh5 17. Rxh5 Qxh5 18. f4 Ng4 19. f5 Qh4 20. fxe6 O-O 21.
Nd5 Ne5 22. Nxc7 Qxe4 23. e7 Rfe8 24. Nxa8 Qxa8 25. Qxd6 Qe4 26. Qe6+ Kh8 27. Bh5 Qb4 28. Bxe8 Nc4 29. Bd4 Na3+ 30. Kc1 Bxd4 31. Qxh6+ Kg8 32. Bf7+ Kxf7 33. Qf8+ Kg6 34. e8=Q+ 1-0

[Event "Late-Titled-Tuesday-Blitz-March-12-2024"]
[Site "Chess.com"]
[Date "2024.03.12"]
[Round "7"]
[White "Rawnsdale"]
[Black "Meri-Arabidze"]
[Result "1-0"]
[WhiteElo "2535"]
[BlackElo "2686"]
[TimeControl "180+1"]
[EndTime "15:16:56 PDT"]
[Termination "Rawnsdale won on time"]

1. e4 e5 2. Nf3 Nc6 3. Bb5 a6 4.
Ba4 Nf6 5. O-O Be7 6. Re1 b5 7. Bb3 d6 8. h3 O-O 9. c3 Na5 10. Bc2 c5 11. d4 Qc7 12. Nbd2 cxd4 13. cxd4 Nc6 14. Nf1 Bd7 15. Be3 Nb4 16. Bb1 a5 17. a3 Na6 18. Bd3 Rac8 19. Rc1 Qb8 20. Ng3 Rfe8 21. Qd2 a4 22. Qa5 exd4 23. Bxd4 Nc5 24.
Bxc5 Rxc5 25. Rxc5 dxc5 26. e5 Nd5 27. Bf5 Bc6 28.
Be4 g6 29. Rd1 Rd8 30. Qe1 Qc7 31. e6 f6 32. h4 Qf4 33. h5 f5 34. Bxd5 Rxd5 35.
Rxd5 Bxd5 36. Qe2 c4 37. Ne5 Kg7 38. Nd7 Qc1+ 39. Kh2 Qf4 40. Nb6 Be4 41. Nd7 gxh5 42. Kg1 h4 43. Nh5+ 1-0

[Event "Late-Titled-Tuesday-Blitz-March-12-2024"]
[Site "Chess.com"]
[Date "2024.03.12"]
[Round "7"]
[White "szachmistrz2500"]
[Black "TimGrutter03"]
[Result "1-0"]
[WhiteElo "2480"]
[BlackElo "2568"]
[TimeControl "180+1"]
[EndTime "15:16:56 PDT"]
[Termination "szachmistrz2500 won on time"]

1. e4 g6 2. d4 Bg7 3. c4 d6 4. Nc3 Nc6 5. Be3 e5 6. Nge2 f5 7. exf5 gxf5 8. d5 Nce7 9. f4 Ng6 10. fxe5 dxe5 11. Qd2 Qh4+ 12. g3 Qxc4 13. O-O-O Qb4 14.
h4 h5 15. Kb1 Nf6 16. Nc1 Ne4 17. Nxe4 Qxe4+ 18. Bd3 Qxd5 19. Qc2 Qf7 20. Rhf1 O-O 21. Bc5 Rd8 22. Bc4 Be6 23. Rxf5 Qe8 24. Rxd8 Rxd8 25. Rg5 Bxc4 26. Qxc4+ Qf7 27. Qe4 Nf8 28. Bxf8 Kxf8 29. Qxb7 Bh6 30. Qb4+ Rd6 31. Rxe5 Qg6+ 32. Qe4 Qxe4+ 33. Rxe4 Rd1 34. Rc4 Rg1 35. Rxc7 Rxg3 36. Rh7 Be3 37. Ne2 Rg2 38. Nc3 Rg1+ 39. Kc2 Rg2+ 40.
Kb3 Bc1 41. Na4 Rg3+ 42. Nc3 Rg2 43. Nd1 1-0

[Event "Late-Titled-Tuesday-Blitz-March-12-2024"]
[Site "Chess.com"]
[Date "2024.03.12"]
[Round "7"]
[White "KSho99"]
[Black "amiralfio"]
[Result "0-1"]
[WhiteElo "2166"]
[BlackElo "2661"]
[TimeControl "180+1"]
[EndTime "15:16:56 PDT"]
[Termination "amiralfio won on time"]

1. d4 f5 2. e4 fxe4 3. Nc3 Nf6 4. Bg5 g6 5. f3 exf3 6. Nxf3 Bg7 7. Bc4 e6 8. Qd2 O-O 9. O-O-O d5 10. Bd3 Nc6 11. h4 Qd6 12. Bf4 Qb4 13. a3 Qa5 14.
Bh6 Nh5 15. Bxg7 Kxg7 16. Qg5 Nd8 17. Qe7+ Nf7 18. g4 Nf4 19. h5 c5 20. hxg6 hxg6 21. Ng5 Qd8 22. Rh7+ Kg8 23. Rh8+ Kg7 24. Rh7+ Kg8 25.
Rxf7 Qxe7 26. Rxe7 cxd4 27. Ne2 Nxd3+ 28. Rxd3 e5 29. Rh3 Bxg4 30. Rhh7 Rf1+ 31. Kd2 Rf2 32. Reg7+ Kf8 33. Rf7+ Rxf7 34. Rxf7+ Kg8 35. Rxb7 Rf8 36. Ng3 Rf2+ 37. Ke1 Rxc2 38. Rxa7 d3 0-1

[Event "Late-Titled-Tuesday-Blitz-March-12-2024"]
[Site "Chess.com"]
[Date "2024.03.12"]
[Round "7"]
[White "RianKapriaga"]
[Black "Mariia89"]
[Result "0-1"]
[WhiteElo "2279"]
[BlackElo "2259"]
[TimeControl "180+1"]
[EndTime "15:16:56 PDT"]
[Termination "Mariia89 won on time"]

1. d4 Nf6 2. Nf3 c5 3. e3 cxd4 4. exd4 d5 5. h3 Bf5 6. c3 Nc6 7.
Bf4 e6 8. Nh4 Bg6 9. Nxg6 hxg6 10.
Nd2 Bd6 11. Bxd6 Qxd6 12. Bd3 Qf4 13. O-O Qg5 14. Re1 Rxh3 15. Bb5 Kf8 16. f4 Qg3 17. Nf1 Qxf4 18. gxh3 Ne4 19. Rxe4 dxe4 20. Bxc6 bxc6 21. Qg4 Qf5 22. Re1 Rb8 23. b4 Qd5 24. Qxe4 Qxa2 25. Qxc6 Kg8 26. b5 Rd8 27. b6 axb6 28. Qxb6 Rd5 29.
Qb8+ Kh7 30. Re4 Rg5+ 31. Rg4 Rh5 0-1

[Event "Late-Titled-Tuesday-Blitz-March-12-2024"]
[Site "Chess.com"]
[Date "2024.03.12"]
[Round "7"]
[White "crazyluzhinTh3"]
[Black "kingofthenil"]
[Result "0-1"]
[WhiteElo "2578"]
[BlackElo "2771"]
[TimeControl "180+1"]
[EndTime "15:16:57 PDT"]
[Termination "kingofthenil won by resignation"]

1. e4 e5 2. Bc4 c6 3. Bb3 Nf6 4. d3 Bc5 5. Nf3 d6 6. c3 Nbd7 7. Be3 Bb6 8. h3 Nf8 9. Ng5 d5 10. Bxb6 axb6 11. Qe2 Ng6 12. g3 O-O 13. Nd2 h6 14.
Ngf3 Qe7 15. Kf1 Bd7 16. Re1 Rfe8 17. a3 Qd6 18. Qe3 c5 19. Kg2 d4 20. cxd4 cxd4 21.
Qe2 b5 22. Qd1 Rec8 23. Qb1 Nh5 24. Bd5 Nhf4+ 25. gxf4 Nxf4+ 26. Kh2 Nxh3 27. Bxb7 Nxf2 28. Bxa8 Rxa8 29. Rhg1 Qf6 30. Rg3 Qf4 31. Kg2 Ng4 32.
Nf1 Rc8 33. Qd1 Rc6 34. Qd2 Qf6 35. Rc1 g5 36. Rxc6 Qxc6 37. N1h2 Ne3+ 38. Kf2 Qf6 39. Kg1 Qf4 40. Qf2 f6 41. Nf1 Ng4 42. N3h2 Qxf2+ 0-1

[Event "Late-Titled-Tuesday-Blitz-March-12-2024"]
[Site "Chess.com"]
[Date "2024.03.12"]
[Round "7"]
[White "manitodeplomo"]
[Black "ural58"]
[Result "0-1"]
[WhiteElo "2680"]
[BlackElo "2515"]
[TimeControl "180+1"]
[EndTime "15:16:57 PDT"]
[Termination "ural58 won by resignation"]

1. d4 d5 2. c4 e5 3. dxe5 d4 4. Nf3 Nc6 5. g3 Nge7 6. Bg2 Ng6 7. O-O Ngxe5 8. Nxe5 Nxe5 9. Na3 c6 10. Nc2 Nxc4 11.
Qxd4 Be6 12. Rd1 Qb6 13. b3 Nd6 14. Bf4 Nb5 15. Qe5 Qc5 16. Nd4 Nxd4 17. Rxd4 Qxe5 18. Bxe5 f6 19. Bd6 O-O-O 20. Rad1 Bxd6 21. Rxd6 Kc7 22. Rxd8 Rxd8 23. Rxd8 Kxd8 24. f4 Kc7 25. Kf2 a5 26. Ke3 c5 27. Kd3 b5 28. e4 c4+ 29. Kc2 Kd6 30. bxc4 Bxc4 31. a3 Kc5 32. Bf3 Kd4 33.
Kd2 Bd3 34. e5 fxe5 35. fxe5 Bc4 36. h4 Kxe5 37. Kc3 Bd5 38. Be2 Bc6 39. Bd3 h6 40. g4 Kf4 41. g5 hxg5 42. hxg5 Kxg5 43. Kd4 Be8 44. Kc5 Kf4 45. Kb6 a4 46. Bxb5 Bxb5 47. Kxb5 g5 48. Kxa4 g4 49. Kb5 g3 0-1

[Event "Late-Titled-Tuesday-Blitz-March-12-2024"]
[Site "Chess.com"]
[Date "2024.03.12"]
[Round "7"]
[White "Polish_fighter3000"]
[Black "ChristopherYoo"]
[Result "1/2-1/2"]
[WhiteElo "3146"]
[BlackElo "3014"]
[TimeControl "180+1"]
[EndTime "15:17:00 PDT"]
[Termination "Game drawn by repetition"]

1. e4 Nc6 2. d4 d6 3. Nf3 Nf6 4. c3 e5 5. Bd3 Bg4 6. d5 Nb8 7. h3 Bxf3 8. Qxf3 Nbd7 9. c4 g6 10. Nc3 h5 11. Bc2 Bh6 12. Bxh6 Rxh6 13. Qe3 Rh8 14. a3 Kf8 15. b4 a5 16. O-O Kg7 17.
c5 axb4 18. axb4 Qe7 19. c6 bxc6 20. dxc6 Nb6 21. Bb3 Rhb8 22. Ra5 Nc8 23. Bc4 Qd8 24. Rfa1 Ne7 25. b5 Rxa5 26. Rxa5 d5 27. Nxd5 Nfxd5 28. exd5 Qd6 29. Qa7 Rb6 30. Ra6 Nc8 31. Qa8 Rxa6 32.
bxa6 Nb6 33. Qb7 Nxc4 34. a7 Nb6 35. Qxb6 cxb6 36. a8=Q Qxd5 37. Qc8 Qd1+ 38. Kh2 Qd4 39. Qd7 Qf4+ 40. Kg1 Qc1+ 41. Kh2 Qf4+ 42. Kg1 Qc1+ 43. Kh2 Qf4+ 1/2-1/2

[Event "Late-Titled-Tuesday-Blitz-March-12-2024"]
[Site "Chess.com"]
[Date "2024.03.12"]
[Round "7"]
[White "mbojan"]
[Black "Lennis93"]
[Result "0-1"]
[WhiteElo "2876"]
[BlackElo "2712"]
[TimeControl "180+1"]
[EndTime "15:17:01 PDT"]
[Termination "Lennis93 won on time"]

1. a3 Nf6 2. h3 d5 3. e3 e5 4. d4 e4 5. c4 c6 6. Bd2 a6 7. cxd5 cxd5 8. Bb4 Bxb4+ 9. axb4 O-O 10. Nc3 Qb6 11. Qb3 Nc6 12. b5 Be6 13. Rb1 axb5 14. Qxb5 Qc7 15. Nge2 Ra5 16. Qb3 Rfa8 17. Nc1 Bf5 18. Qd1 Ra1 19. Nb3 Rxb1 20. Qxb1 Nb4 21. Be2 Qc8 22. Kd2 h5 23. Rc1 Qd8 24. Na1 Bg6 25. Nc2 Nd3 26. Bxd3 exd3 27. Nb4 Ne4+ 28.
Nxe4 dxe4 29. Rc5 Qh4 30. Qe1 Ra4 31. Nd5 Kh7 32. Nc3 Rb4 33. Kc1 Qd8 34. Qd2 Qa8 35. f3 Qa1+ 36. Nb1 exf3 37. gxf3 Rxb2 38. Qxb2 d2+ 0-1

[Event "Late-Titled-Tuesday-Blitz-March-12-2024"]
[Site "Chess.com"]
[Date "2024.03.12"]
[Round "7"]
[White "scarabee43"]
[Black "Skatchkov_V"]
[Result "0-1"]
[WhiteElo "2833"]
[BlackElo "2691"]
[TimeControl "180+1"]
[EndTime "15:17:01 PDT"]
[Termination "Skatchkov_V won by resignation"]

1. Nf3 d5 2. e3 c6 3. b3 Nf6 4.
Bb2 g6 5. Be2 Bg7 6. O-O O-O 7.
c4 Bf5 8. Nc3 Re8 9. d4 Ne4 10.
Nxe4 Bxe4 11. Bd3 Bxd3 12. Qxd3 e6 13. b4 a6 14. a4 Nd7 15. Rfd1 Nb6 16. Nd2 Qh4 17.
cxd5 exd5 18. b5 c5 19. a5 c4 20. Qc2 Nd7 21. bxa6 bxa6 22. Nb1 f5 23. Nc3 Nf6 24. Ba3 f4 25. exf4 Qxf4 26. h3 Rad8 27. Rab1 Ne4 28.
Nxe4 Rxe4 29. Bc1 Qf5 30. Be3 Rxd4 31. Qxf5 Rxd1+ 32. Rxd1 gxf5 33. Bb6 Rd7 34. Rc1 c3 35. Kf1 d4 36. Ke2 d3+ 37. Kd1 c2+ 38. Kd2 Bb2 39. Re1 Bc3+ 40. Kxc3 d2 41. Re8+ Kf7 42. Rh8 d1=Q 43.
Rxh7+ Kg6 0-1

[Event "Late-Titled-Tuesday-Blitz-March-12-2024"]
[Site "Chess.com"]
[Date "2024.03.12"]
[Round "7"]
[White "rdarruda"]
[Black "pirulillo"]
[Result "1-0"]
[WhiteElo "2558"]
[BlackElo "2313"]
[TimeControl "180+1"]
[EndTime "15:17:01 PDT"]
[Termination "rdarruda won by resignation"]

1. Nf3 Nf6 2. b3 g6 3. Bb2 Bg7 4. e3 O-O 5. Be2 d6 6. O-O e5 7. d4 e4 8. Nfd2 Re8 9. c4 h5 10. h3 Bf5 11. Nc3 c6 12. Re1 Nbd7 13. Rc1 Nf8 14. Nf1 h4 15. Nh2 N8h7 16. Ng4 Qd7 17.
b4 Bxg4 18. Bxg4 Nxg4 19. Qxg4 f5 20. Qxh4 d5 21. cxd5 cxd5 22. Rc2 Rf8 23. Rec1 g5 24. Qh5 Rf6 25. Qe2 f4 26. Qg4 Rf5 27. Qe2 f3 28.
Qb5 Qf7 29. g4 Nf6 30. gxf5 Qh5 31. Qf1 g4 32. Nb5 Qxf5 33. Nd6 Qd7 34. Rc8+ Rxc8 35.
Nxc8 Bh6 36. Kh1 gxh3 37. Qg1+ Kh7 38. Qg3 Qg4 39. Rc7+ Bg7 40. Qxg4 Nxg4 41. Nd6 h2 42. Nf5 Nxf2+ 43. Kxh2 Ng4+ 44. Kg3 f2 45. Rxg7+ Kh8 46. Kg2 b5 47. Rc7 a5 48. Rc1 a4 49. Kg3 a3 50. Bxa3 Nxe3 51. Nxe3 f1=N+ 52. Nxf1 1-0

[Event "Late-Titled-Tuesday-Blitz-March-12-2024"]
[Site "Chess.com"]
[Date "2024.03.12"]
[Round "7"]
[White "TigrVShlyape"]
[Black "ChainedDowntohell"]
[Result "1-0"]
[WhiteElo "2891"]
[BlackElo "2538"]
[TimeControl "180+1"]
[EndTime "15:17:02 PDT"]
[Termination "TigrVShlyape won on time"]

1. d4 d5 2. Bf4 Nf6 3. e3 e6 4.
Nf3 Bd6 5. Nbd2 Nc6 6. c3 O-O 7. Bd3 b6 8. Ne5 Bb7 9. Qc2 Ne7 10. h4 c5 11. h5 h6 12. g4 c4 13. Be2 Nh7 14.
Ndf3 f6 15. Ng6 Re8 16. Nfh4 Ng5 17. f3 b5 18. a3 a5 19. Kf2 Bc6 20. Nxe7+ Qxe7 21.
Ng6 Qd7 22. b4 Ra7 23. Rab1 Rea8 24. Rhd1 Nh3+ 25. Kg2 Nxf4+ 26. exf4 axb4 27. axb4 Ra3 28. Rb2 Qc8 29. Qd2 Be8 30. Re1 Kh7 31. Bd1 Bxg6 32. hxg6+ Kxg6 33. Rxe6 Bxf4 34. Bc2+ Kf7 35.
Rxf6+ gxf6 36. Qxf4 Kg7 37. Bf5 Qb8 38. Qe3 Qc7 39. Re2 Ra2 40. Bc2 Qf7 41. Kh3 1-0